cohdb
Replays
Latest Replays
All Replays
Popular Replays
Top Player Replays
Match Explorer
How It Works
Community
CoH3 Stats
Reddit
Sign in to upload your games and track your stats! →
Sign in with Steam
Match 45531472
Unlisted
Match 45531472
Overview
Messages
Build Orders
End
Engineer Squad
Construct Barracks
Selects Heavy Weapons
Riflemen Squad
Riflemen Squad
1⁄4-ton 4x4 Truck
Selects Assault Carriers
Construct Weapon Support Center
Air Support Center
M3 Assault Carrier
Air Supply
M1919 Machine Gun Team
Selects M2HB .50cal Heavy Machine Gun
Grenade Package
P-47 Strafing Run
Construct Medical Station
M1918 Browning Automatic Rifles
Selects Exchangeable Parts
Riflemen Squad
M1 Mortar Team
P-47 Dive Bomb
P-47 Strafing Run
Construct Tank Depot
P-47 Strafing Run
M18 Hellcat Tank Destroyer
P-47 Dive Bomb
Riflemen Squad
Double Sortie
Grasshopper Recon Run
P-47 Strafing Run
1⁄4-ton 4x4 Truck
P-47 Dive Bomb
M4(105) Sherman Bulldozer
P-47 Strafing Run
Selects M26 Pershing Heavy Tank
Engineer Squad
P-47 Strafing Run
P-47 Dive Bomb
Jack Lumber
paavali
Piikivirotta
TeamSpeakUser
LITTLE TRICKSTER
Da Cracka Whacka
0
0
Comments
sign in to comment!
No comments posted yet!